AoeStats
← _LY_抖音肥龙

Arabia

507282566Analyzed
1v1 RM · 14d ago on Sep 17, 2026· 47m 32s· 2 players
Game mode
Random Map
Map size
Tiny (2 player)
Population
200
Speed
Normal
Resources
Standard
Victory
Conquest
Starting age
Dark Age
Ending age
Imperial Age
RankedLock teamsTeams togetherTeam positionsShared explorationLock speedFull tech treeHidden civsTurbo modeCheats
Victory
Defeat
🇭🇰 Armenians · Hong Kong SAR China
2805
+24
🇦🇹 Italians · Austria
3010
-24
VIT Liereyy
8:26 Feudal Age
7:12 Loom
9:03 Double-Bit Axe
11:35 Fletching
20:51 Castle Age
18:46 Horse Collar
20:45 Scale Barding Armor
21:06 Bloodlines
21:46 Bow Saw
21:32 Elite Skirmisher
22:16 Bodkin Arrow
23:48 Scale Barding Armor
26:33 Wheelbarrow
26:10 Husbandry
28:42 Hand Cart
28:39 Town Watch
29:17 Forging
31:06 Chain Barding Armor
36:03 Imperial Age
34:49 Sanctity
35:50 Padded Archer Armor
36:44 Bracer
37:48 Chemistry
38:23 Leather Archer Armor
38:29 Ballistics
38:42 Block Printing
39:02 Theocracy
40:48 Ring Archer Armor
41:18 Conscription
43:09 Plate Barding Armor
41:54 Light Cavalry
43:44 Heavy Plow
47:09 Murder Holes
_LY_抖音肥龙
6:24 Loom
8:45 Feudal Age
9:01 Man-at-Arms
12:05 Double-Bit Axe
12:54 Long Swordsman
14:43 Fletching
16:52 Scale Mail Armor
17:42 Padded Archer Armor
22:45 Castle Age
21:01 Horse Collar
22:39 Forging
22:49 Two-Handed Swordsman
23:44 Squires
23:56 Gambesons
25:36 Chain Mail Armor
26:43 Wheelbarrow
28:58 Town Watch
29:55 Sanctity
31:54 Bodkin Arrow
36:38 Imperial Age
35:12 Leather Archer Armor
35:28 Hand Cart
36:55 Ballistics
36:50 Bow Saw
36:42 Gold Mining
37:29 Bracer
39:00 Chemistry
38:43 Conscription
39:33 Masonry
39:04 Elite Composite Bowman
40:36 Ring Archer Armor
41:53 Plate Mail Armor
41:52 Champion
43:43 Iron Casting
44:02 Fereters
46:25 Blast Furnace
46:39 Arson
48:16 Hoardings
Connection lost

Rejoining the realm…

Still unreachable

The connection could not be restored.

Session expired

The server has moved on; the page needs a fresh start.